Flyers vs Rangers

Created - 8 mai 2013 at 23:37

Goals
1 2 3 T
Flyers 0 2 1 3
Rangers 2 0 3 5
Shots
1 2 3 T
Flyers 15 6 10 31
Rangers 16 6 19 41

1st period

1. Rangers , Dustin Brown 17 (Brad Richards) at 7:35
2. Rangers , Milan Lucic 37 (Johan Franzen, Bryan Berard) at 13:50

Penalties :
David Moss (Phi) for Boarding (Minor) at 16:39

2nd period

3. Flyers , Zigmund Palffy 29 (Martin Straka, Miroslav Satan) at 4:23
4. Flyers , Marc Savard 42 (Erik Cole) at 10:33 (PP)

Penalties :
Jeremy Roenick (NYR) for Roughing (Minor) at 4:26, Milan Lucic (NYR) for Slashing (Minor) at 10:21, Milan Lucic (NYR) for Interference (Minor) at 17:49

3rd period

5. Rangers , Jeremy Roenick 33 (Bryan Berard) at 0:22
6. Rangers , Alexandre Burrows 8 (Kyle McLaren) at 1:20
7. Flyers , David Moss 9 (Martin Straka, Mike Lundin) at 5:07
8. Rangers , Alexandre Burrows 9 (Cam Barker, Kyle McLaren) at 17:58

Penalties :
Jeff O'Neill (Phi) for Interference (Minor) at 1:45, Erik Cole (Phi) for Hooking (Minor) at 11:40, Brooks Orpik (Phi) for Holding (Minor) at 14:25

Goalie Stats

Chris Mason (Phi), 36 saves from 41 shots - (0,878), L, 20-26-7, 60:00 minutes
Hannu Toivonen (NYR), 28 saves from 31 shots - (0,903), W, 5-3-0, 60:00 minutes

Players Stats for Flyers

Player Name              G  A  P  +/- PIM S  H  SB GA TA FO     MP     PP MP  PK MP  
------------------------------------------------------------------------------------
Andrei Kostitsyn         0  0  0  -1  0   1  1  1  0  0  1/2    15:46   1:51   1:44 
Blair Betts              0  0  0   0  0   2  1  0  0  0  4/5     8:30   0:06   0:50 
Brooks Orpik             0  0  0  -1  2   0  0  2  0  0  0/0    25:59   2:14   3:21 
David Moss               1  0  1   0  2   2  3  0  0  0  0/0    13:44   0:00   1:38 
Ed Jovanovski            0  0  0  -1  0   1  1  4  0  1  0/0    27:34   2:14   4:36 
Erik Cole                0  1  1  -2  2   2  1  1  0  1  0/0    17:46   2:13   0:00 
Jeff O'Neill             0  0  0   0  2   3  0  1  1  0  5/9    17:50   1:51   1:28 
Justin Williams          0  0  0   0  0   2  0  0  0  1  0/0     7:34   0:00   0:00 
Marc Savard              1  0  1  -2  0   4  1  1  2  2  14/31  21:43   2:19   4:07 
Marcel Hossa             0  0  0   0  0   3  0  0  1  0  0/0     7:34   0:00   0:00 
Martin St. Louis         0  0  0  -2  0   2  2  1  0  0  1/2    21:36   2:13   4:06 
Martin Straka            0  2  2   0  0   1  1  3  1  0  3/5    14:51   0:00   1:59 
Mike Lundin              0  1  1  -1  0   0  0  1  0  0  0/0    15:21   0:00   1:19 
Miroslav Satan           0  1  1  -1  0   3  0  0  0  0  1/1    14:02   1:51   0:00 
Nolan Pratt              0  0  0   0  0   2  0  0  0  0  0/0    20:32   1:56   3:42 
Ossi Vaananen            0  0  0  -2  0   0  0  2  0  0  0/0    13:04   0:00   0:01 
Scott Hannan             0  0  0  -1  0   0  0  0  0  1  0/0    17:57   1:56   2:53 
Zigmund Palffy           1  0  1  -1  0   3  0  0  2  1  0/1    10:37   0:06   0:00 

Players Stats for Rangers

Player Name              G  A  P  +/- PIM S  H  SB GA TA FO     MP     PP MP  PK MP  
------------------------------------------------------------------------------------
Alexandre Burrows        2  0  2   0  0   6  0  0  0  1  1/1    12:53   0:00   1:13 
Bobby Holik              0  0  0   0  0   3  1  0  0  0  0/4     9:29   0:18   1:06 
Brad Richards            0  1  1   1  0   2  1  0  2  0  7/13   18:07   3:49   2:09 
Brent Seabrook           0  0  0  -1  0   0  0  0  0  0  0/0    12:55   0:00   0:00 
Bryan Berard             0  2  2   1  0   1  0  0  2  0  0/0    26:37   3:50   2:15 
Cam Barker               0  1  1   3  0   2  1  1  0  0  0/0    20:28   4:06   1:55 
Drew Stafford            0  0  0   0  0   2  0  0  0  2  0/0    11:59   0:17   0:00 
Dustin Brown             1  0  1   1  0   2  2  1  0  0  0/0    15:53   3:48   0:00 
Ian Laperriere           0  0  0   0  0   0  1  0  1  0  0/0     7:20   0:00   0:00 
Jeremy Roenick           1  0  1   2  2   3  2  0  1  1  16/32  21:18   3:50   1:11 
Johan Franzen            0  1  1   2  0   4  0  0  0  2  1/2    20:25   3:50   0:43 
Kimmo Timonen            0  0  0   1  0   2  3  1  0  0  0/0    26:37   3:50   2:15 
Kyle McLaren             0  2  2   3  0   0  1  0  1  0  0/0    20:28   4:06   1:55 
Martin Sonnenberg        0  0  0   0  0   1  1  0  0  0  0/0     9:41   0:00   1:37 
Matt Greene              0  0  0  -1  0   1  0  1  0  0  0/0    12:55   0:00   0:00 
Milan Lucic              1  0  1   2  4   7  3  0  0  1  0/0    19:44   3:50   0:00 
Patrice Bergeron         0  0  0   0  0   4  0  0  0  0  2/4    13:00   0:17   0:21 
Patrick Sharp            0  0  0   1  0   1  1  0  0  0  0/0    15:58   3:49   0:00 

3 Stars

1 - Alexandre Burrows (NYR)
2 - Kyle McLaren (NYR)
3 - Dustin Brown (NYR)

Power Play

Flyers - 1 on 3 Attempt(s) - 33,33%
Rangers - 0 on 4 Attempt(s) - 0,00%

Penalty Kill

Flyers - 4 on 4 Attempt(s) - 100,00% - Score 0 goal in Penalty Kill
Rangers - 2 on 3 Attempt(s) - 66,67% - Score 0 goal in Penalty Kill

Official

Referees : Rooney Chris and StPierre Justin
Linesman : Lyle Seitz and Scott Cherrey

Game Notes

No Game Note

Finance

Level 1 -- Attendance: 5016 (83,60%) -- Ticket Income 451 440 $
Level 2 -- Attendance: 3782 (75,64%) -- Ticket Income 208 010 $
Level 3 -- Attendance: 2000 (100,00%) -- Ticket Income 60 000 $
Level 4 -- Attendance: 2863 (71,58%) -- Ticket Income 57 260 $
Luxury Box -- Attendance: 817 (81,70%) -- Ticket Income 142 975 $
Game was played at the Madison Square Garden
Total Attendance: 14478 (80,43%)
Total Ticket Income: 919 685 $
Other Income: 45 984 $
Total Income: 965 669 $

Flyers

5 vs 5 Forward 
   Center                   Left Wing                Right Wing               Time % Phy DF OF 
 1 Marc Savard              Erik Cole                Martin St. Louis         40     1   2  2  
 2 Jeff O'Neill             Andrei Kostitsyn         Miroslav Satan           30     1   2  2  
 3 Martin Straka            David Moss               Zigmund Palffy           20     1   2  2  
 4 Blair Betts              Marcel Hossa             Justin Williams          10     1   2  2  

5 vs 5 Defense 
   Defense                  Defense                                           Time % Phy DF OF 
 1 Brooks Orpik             Ed Jovanovski                                     40     1   2  2  
 2 Nolan Pratt              Scott Hannan                                      30     1   2  2  
 3 Ossi Vaananen            Mike Lundin                                       20     1   2  2  
 4 Brooks Orpik             Ed Jovanovski                                     10     1   2  2  

PowerPlay Forward 
   Center                   Left Wing                Right Wing               Time % Phy DF OF 
 1 Marc Savard              Erik Cole                Martin St. Louis         60     1   2  2  
 2 Jeff O'Neill             Andrei Kostitsyn         Miroslav Satan           40     1   2  2  

PowerPlay Defense
   Defense                  Defense                                           Time % Phy DF OF 
 1 Brooks Orpik             Ed Jovanovski                                     60     1   2  2  
 2 Nolan Pratt              Scott Hannan                                      40     1   2  2  

Penalty Kill 4 Players Forward 
   Center                   Wing                     Time % Phy DF OF 
 1 Marc Savard              Martin St. Louis         60     1   2  2  
 2 Jeff O'Neill             Martin Straka            40     1   2  2  

Penalty Kill 4 Players Defense
   Defense                  Defense                  Time % Phy DF OF 
 1 Brooks Orpik             Ed Jovanovski            60     1   2  2  
 2 Nolan Pratt              Scott Hannan             40     1   2  2  

Penalty Kill - 3 Players Forward 
   Forward                                           Time % Phy DF OF 
 1 Marc Savard                                       60     1   2  2  
 2 Martin St. Louis                                  40     1   2  2  

Penalty Kill - 3 Players Defense
   Defense                  Defense                  Time % Phy DF OF 
 1 Brooks Orpik             Ed Jovanovski            60     1   2  2  
 2 Nolan Pratt              Scott Hannan             40     1   2  2  

4 vs 4 Forward 
   Center                   Wing                     Time % Phy DF OF 
 1 Marc Savard              Martin St. Louis         60     1   2  2  
 2 Jeff O'Neill             Martin Straka            40     1   2  2  

4 vs 4 Defense
   Defense                  Defense                  Time % Phy DF OF 
 1 Brooks Orpik             Ed Jovanovski            60     1   2  2  
 2 Nolan Pratt              Scott Hannan             40     1   2  2  

Last Minutes Offensive
   Center                   Left Wing                Right Wing               Defense                  Defense                  
   Marc Savard              Erik Cole                Martin St. Louis         Brooks Orpik             Ed Jovanovski            

Last Minutes Defensive
   Center                   Left Wing                Right Wing               Defense                  Defense                  
   Marc Savard              Erik Cole                Martin St. Louis         Brooks Orpik             Ed Jovanovski            

Goaltenders
Starting : Chris Mason              
Backup : Ray Emery                

Extra Forwards
Normal : Zigmund Palffy, Blair Betts, David Moss - PP : Zigmund Palffy, Blair Betts - PK : David Moss
Extra Defensemen
Normal : Ossi Vaananen, Mike Lundin, Nolan Pratt - PP : Ossi Vaananen - PK : Mike Lundin, Nolan Pratt
Penalty Shots
Marc Savard, Martin St. Louis, Jeff O'Neill, Martin Straka, Miroslav Satan

Rangers

5 vs 5 Forward 
   Center                   Left Wing                Right Wing               Time % Phy DF OF 
 1 Jeremy Roenick           Milan Lucic              Johan Franzen            40     1   2  2  
 2 Brad Richards            Patrick Sharp            Dustin Brown             30     1   2  2  
 3 Patrice Bergeron         Alexandre Burrows        Drew Stafford            20     1   2  2  
 4 Bobby Holik              Martin Sonnenberg        Ian Laperriere           10     1   2  2  

5 vs 5 Defense 
   Defense                  Defense                                           Time % Phy DF OF 
 1 Kimmo Timonen            Bryan Berard                                      40     1   2  2  
 2 Cam Barker               Kyle McLaren                                      30     1   2  2  
 3 Brent Seabrook           Matt Greene                                       20     1   2  2  
 4 Kimmo Timonen            Bryan Berard                                      10     1   2  2  

PowerPlay Forward 
   Center                   Left Wing                Right Wing               Time % Phy DF OF 
 1 Jeremy Roenick           Milan Lucic              Johan Franzen            60     1   2  2  
 2 Brad Richards            Patrick Sharp            Dustin Brown             40     1   2  2  

PowerPlay Defense
   Defense                  Defense                                           Time % Phy DF OF 
 1 Kimmo Timonen            Bryan Berard                                      60     1   2  2  
 2 Cam Barker               Kyle McLaren                                      40     1   2  2  

Penalty Kill 4 Players Forward 
   Center                   Wing                     Time % Phy DF OF 
 1 Jeremy Roenick           Brad Richards            60     1   2  2  
 2 Johan Franzen            Milan Lucic              40     1   2  2  

Penalty Kill 4 Players Defense
   Defense                  Defense                  Time % Phy DF OF 
 1 Kimmo Timonen            Bryan Berard             60     1   2  2  
 2 Cam Barker               Kyle McLaren             40     1   2  2  

Penalty Kill - 3 Players Forward 
   Forward                                           Time % Phy DF OF 
 1 Jeremy Roenick                                    60     1   2  2  
 2 Brad Richards                                     40     1   2  2  

Penalty Kill - 3 Players Defense
   Defense                  Defense                  Time % Phy DF OF 
 1 Kimmo Timonen            Bryan Berard             60     1   2  2  
 2 Cam Barker               Kyle McLaren             40     1   2  2  

4 vs 4 Forward 
   Center                   Wing                     Time % Phy DF OF 
 1 Jeremy Roenick           Brad Richards            60     1   2  2  
 2 Johan Franzen            Milan Lucic              40     1   2  2  

4 vs 4 Defense
   Defense                  Defense                  Time % Phy DF OF 
 1 Kimmo Timonen            Bryan Berard             60     1   2  2  
 2 Cam Barker               Kyle McLaren             40     1   2  2  

Last Minutes Offensive
   Center                   Left Wing                Right Wing               Defense                  Defense                  
   Jeremy Roenick           Milan Lucic              Johan Franzen            Kimmo Timonen            Bryan Berard             

Last Minutes Defensive
   Center                   Left Wing                Right Wing               Defense                  Defense                  
   Jeremy Roenick           Milan Lucic              Johan Franzen            Kimmo Timonen            Bryan Berard             

Goaltenders
Starting : Hannu Toivonen           
Backup : Henrik Lundqvist         

Extra Forwards
Normal : Bobby Holik, Patrice Bergeron, Martin Sonnenberg - PP : Bobby Holik, Patrice Bergeron - PK : Martin Sonnenberg
Extra Defensemen
Normal : Brent Seabrook, Matt Greene, Cam Barker - PP : Brent Seabrook - PK : Matt Greene, Cam Barker
Penalty Shots
Jeremy Roenick, Brad Richards, Johan Franzen, Milan Lucic, Patrick Sharp

% Time on Ice - Flyers

Lines # - Real PCT - Wanted PCT - Time Play
Normal Forward
1 - 32% - 40% - 15:17
2 - 31% - 30% - 14:45
3 - 22% - 20% - 10:18
4 - 16% - 10% - 7:34
Normal Defense
1 - 42% - 40% - 20:09
2 - 27% - 30% - 13:08
3 - 25% - 20% - 11:56
4 - 6% - 10% - 2:41
PP Forward
1 - 56% - 60% - 2:19
2 - 44% - 40% - 1:51
PP Defense
1 - 54% - 60% - 2:14
2 - 46% - 40% - 1:56
PK Forward
1 - 75% - 60% - 5:57
2 - 25% - 40% - 1:59
PK Defense
1 - 64% - 60% - 5:03
2 - 36% - 40% - 2:53
PK3 Forward
1 - 0% - 60%
2 - 0% - 40%
PK3 Defense
1 - 0% - 60%
2 - 0% - 40%
44 Forward
1 - 0% - 60%
2 - 0% - 40%
44 Defense
1 - 0% - 60%
2 - 0% - 40%
Last Minute Offensive  - 0:00
Last Minute Defensive  - 0:00
Total
Forward - 60:00
Defense - 60:00

% Time on Ice - Rangers

Lines # - Real PCT - Wanted PCT - Time Play
Normal Forward
1 - 36% - 40% - 17:03
2 - 25% - 30% - 12:09
3 - 24% - 20% - 11:22
4 - 15% - 10% - 7:20
Normal Defense
1 - 39% - 40% - 18:52
2 - 30% - 30% - 14:27
3 - 27% - 20% - 12:55
4 - 3% - 10% - 1:40
PP Forward
1 - 52% - 60% - 4:07
2 - 48% - 40% - 3:49
PP Defense
1 - 48% - 60% - 3:50
2 - 52% - 40% - 4:06
PK Forward
1 - 83% - 60% - 3:27
2 - 17% - 40% - 0:43
PK Defense
1 - 54% - 60% - 2:15
2 - 46% - 40% - 1:55
PK3 Forward
1 - 0% - 60%
2 - 0% - 40%
PK3 Defense
1 - 0% - 60%
2 - 0% - 40%
44 Forward
1 - 0% - 60%
2 - 0% - 40%
44 Defense
1 - 0% - 60%
2 - 0% - 40%
Last Minute Offensive  - 0:00
Last Minute Defensive  - 0:00
Total
Forward - 60:00
Defense - 60:00

Play by Play

1st period


0:01 of 1st period - Marc Savard wins face-off versus Jeremy Roenick in neutral zone.
0:10 of 1st period - Snap shot by Martin St. Louis.
0:10 of 1st period - Stopped by Hannu Toivonen with a rebound.
0:32 of 1st period - Icing by Nolan Pratt.
0:33 of 1st period - Marc Savard wins face-off versus Patrice Bergeron in Flyers zone.
1:05 of 1st period - Snap shot by Marc Savard.
1:05 of 1st period - Stopped by Hannu Toivonen with a rebound.
1:41 of 1st period - Snap shot by Alexandre Burrows.
1:41 of 1st period - Shot Blocked by Ossi Vaananen.
1:43 of 1st period - Slapshot by Cam Barker.
1:43 of 1st period - Stopped by Chris Mason without a rebound.
1:44 of 1st period - Brad Richards wins face-off versus Andrei Kostitsyn in Flyers zone.
1:59 of 1st period - Wrist shot by Jeff O'Neill.
1:59 of 1st period - Stopped by Hannu Toivonen with a rebound.
2:09 of 1st period - Slapshot by Justin Williams.
2:09 of 1st period - Stopped by Hannu Toivonen with a rebound.
2:11 of 1st period - Backhand shot by Nolan Pratt.
2:11 of 1st period - Stopped by Hannu Toivonen with a rebound.
2:13 of 1st period - Slapshot by Scott Hannan.
2:13 of 1st period - Deflect By Justin Williams.
2:13 of 1st period - Shot Misses the Net.
2:13 of 1st period - Puck is out of play.
2:14 of 1st period - Blair Betts wins face-off versus Jeremy Roenick in Rangers zone.
2:15 of 1st period - Snap shot by Marcel Hossa.
2:15 of 1st period - Shot Misses the Net.
2:38 of 1st period - Wrist shot by Marcel Hossa.
2:38 of 1st period - Stopped by Hannu Toivonen without a rebound.
2:39 of 1st period - Martin Straka wins face-off versus Bobby Holik in Rangers zone.
3:18 of 1st period - Icing by Brent Seabrook.
3:19 of 1st period - Jeremy Roenick wins face-off versus Zigmund Palffy in Rangers zone.
3:25 of 1st period - Icing by Ed Jovanovski.
3:26 of 1st period - Brad Richards wins face-off versus Martin Straka in Flyers zone.
5:22 of 1st period - Snap shot by Ian Laperriere.
5:22 of 1st period - Shot Misses the Net.
5:24 of 1st period - Slapshot by Cam Barker.
5:24 of 1st period - Stopped by Chris Mason without a rebound.
5:25 of 1st period - Jeff O'Neill wins face-off versus Jeremy Roenick in Flyers zone.
5:35 of 1st period - Snap shot by Miroslav Satan.
5:35 of 1st period - Stopped by Hannu Toivonen without a rebound.
5:36 of 1st period - Jeff O'Neill wins face-off versus Jeremy Roenick in Rangers zone.
5:43 of 1st period - Slapshot by Jeff O'Neill.
5:43 of 1st period - Shot Misses the Net.
5:49 of 1st period - Snap shot by Miroslav Satan.
5:49 of 1st period - Stopped by Hannu Toivonen without a rebound.
5:50 of 1st period - Brad Richards wins face-off versus Marc Savard in Rangers zone.
6:32 of 1st period - Andrei Kostitsyn is hit by Jeremy Roenick and loses puck.
6:45 of 1st period - Kyle McLaren is hit by Ed Jovanovski and loses puck.
6:52 of 1st period - Snap shot by Zigmund Palffy.
6:52 of 1st period - Stopped by Hannu Toivonen with a rebound.
6:54 of 1st period - Slapshot by Brooks Orpik.
6:54 of 1st period - Shot Misses the Net.
7:26 of 1st period - Mike Lundin is hit by Kyle McLaren and loses puck.
7:35 of 1st period - Snap shot by Dustin Brown.
7:35 of 1st period - Goal by Dustin Brown - Flyers : 0 - Rangers : 1.
7:36 of 1st period - Jeremy Roenick wins face-off versus Marc Savard in neutral zone.
8:49 of 1st period - Wrist shot by Bobby Holik.
8:49 of 1st period - Stopped by Chris Mason with a rebound.
9:05 of 1st period - Wrist shot by Milan Lucic.
9:05 of 1st period - Stopped by Chris Mason with a rebound.
9:07 of 1st period - Snap shot by Johan Franzen.
9:07 of 1st period - Shot Blocked by Martin St. Louis.
9:09 of 1st period - Backhand shot by Jeremy Roenick.
9:09 of 1st period - Stopped by Chris Mason without a rebound.
9:10 of 1st period - Jeremy Roenick wins face-off versus Marc Savard in Flyers zone.
9:11 of 1st period - Snap shot by Milan Lucic.
9:11 of 1st period - Shot Misses the Net.
9:46 of 1st period - Snap shot by Johan Franzen.
9:46 of 1st period - Shot Misses the Net.
9:58 of 1st period - Slapshot by Milan Lucic.
9:58 of 1st period - Stopped by Chris Mason with a rebound.
10:00 of 1st period - Wrist shot by Jeremy Roenick.
10:00 of 1st period - Shot Misses the Net.
10:18 of 1st period - Icing by Johan Franzen.
10:19 of 1st period - Martin St. Louis wins face-off versus Jeremy Roenick in Rangers zone.
11:43 of 1st period - Icing by Marcel Hossa.
11:44 of 1st period - Blair Betts wins face-off versus Bobby Holik in Flyers zone.
11:49 of 1st period - Snap shot by Blair Betts.
11:49 of 1st period - Shot Blocked by Cam Barker.
12:44 of 1st period - Wrist shot by Brad Richards.
12:44 of 1st period - Stopped by Chris Mason without a rebound.
12:45 of 1st period - Alexandre Burrows wins face-off versus Jeff O'Neill in Flyers zone.
13:01 of 1st period - Wrist shot by Drew Stafford.
13:01 of 1st period - Stopped by Chris Mason without a rebound.
13:02 of 1st period - Brad Richards wins face-off versus Marc Savard in Flyers zone.
13:09 of 1st period - Wrist shot by Brad Richards.
13:09 of 1st period - Deflect By Patrick Sharp.
13:09 of 1st period - Stopped by Chris Mason with a rebound.
13:36 of 1st period - Snap shot by Johan Franzen.
13:36 of 1st period - Stopped by Chris Mason without a rebound.
13:37 of 1st period - Jeff O'Neill wins face-off versus Jeremy Roenick in Flyers zone.
13:50 of 1st period - Slapshot by Johan Franzen.
13:50 of 1st period - Deflect By Milan Lucic.
13:50 of 1st period - Goal by Milan Lucic - Flyers : 0 - Rangers : 2.
13:51 of 1st period - Brad Richards wins face-off versus Marc Savard in neutral zone.
13:53 of 1st period - Off-side.
13:54 of 1st period - Marc Savard wins face-off versus Brad Richards in neutral zone.
14:03 of 1st period - Martin St. Louis is hit by Patrick Sharp and loses puck.
14:22 of 1st period - Slapshot by Milan Lucic.
14:22 of 1st period - Stopped by Chris Mason with a rebound.
14:24 of 1st period - Snap shot by Jeremy Roenick.
14:24 of 1st period - Stopped by Chris Mason without a rebound.
14:25 of 1st period - Jeff O'Neill wins face-off versus Jeremy Roenick in Flyers zone.
15:28 of 1st period - Slapshot by Milan Lucic.
15:28 of 1st period - Shot Misses the Net.
15:40 of 1st period - Wrist shot by Miroslav Satan.
15:40 of 1st period - Shot Misses the Net.
15:42 of 1st period - Slapshot by Jeff O'Neill.
15:42 of 1st period - Shot Misses the Net.
15:44 of 1st period - Wrist shot by Miroslav Satan.
15:44 of 1st period - Shot Misses the Net.
15:50 of 1st period - Wrist shot by Jeff O'Neill.
15:50 of 1st period - Shot Misses the Net.
15:52 of 1st period - Slapshot by Ed Jovanovski.
15:52 of 1st period - Stopped by Hannu Toivonen with a rebound.
16:00 of 1st period - Wrist shot by Milan Lucic.
16:00 of 1st period - Stopped by Chris Mason without a rebound.
16:01 of 1st period - Marc Savard wins face-off versus Brad Richards in Flyers zone.
16:12 of 1st period - Snap shot by Erik Cole.
16:12 of 1st period - Stopped by Hannu Toivonen with a rebound.
16:37 of 1st period - David Moss is hit by Kimmo Timonen and loses puck.
16:39 of 1st period - Minor Penalty to David Moss for Boarding.
16:40 of 1st period - Marc Savard wins face-off versus Brad Richards in Flyers zone.
17:29 of 1st period - Scott Hannan is hit by Dustin Brown and loses puck.
17:56 of 1st period - Wrist shot by Patrice Bergeron.
17:56 of 1st period - Shot Blocked by Jeff O'Neill.
18:00 of 1st period - Wrist shot by Patrice Bergeron.
18:00 of 1st period - Stopped by Chris Mason without a rebound.
18:01 of 1st period - Marc Savard wins face-off versus Jeremy Roenick in Flyers zone.
18:20 of 1st period - Snap shot by Jeff O'Neill.
18:20 of 1st period - Shot Blocked by Dustin Brown.
18:39 of 1st period - Penalty to David Moss is over, David Moss is back on ice.
18:56 of 1st period - Slapshot by Marc Savard.
18:56 of 1st period - Stopped by Hannu Toivonen with a rebound.
18:58 of 1st period - Wrist shot by Martin St. Louis.
18:58 of 1st period - Shot Misses the Net.
19:00 of 1st period - Slapshot by Nolan Pratt.
19:00 of 1st period - Stopped by Hannu Toivonen with a rebound.
19:04 of 1st period - Snap shot by Martin St. Louis.
19:04 of 1st period - Stopped by Hannu Toivonen without a rebound.
19:05 of 1st period - Jeff O'Neill wins face-off versus Bobby Holik in Rangers zone.
19:08 of 1st period - Wrist shot by Miroslav Satan.
19:08 of 1st period - Stopped by Hannu Toivonen with a rebound.
19:43 of 1st period - Snap shot by Marcel Hossa.
19:43 of 1st period - Shot Misses the Net.

2nd period


0:01 of 2nd period - Marc Savard wins face-off versus Brad Richards in neutral zone.
0:26 of 2nd period - Scott Hannan is hit by Milan Lucic and loses puck.
0:37 of 2nd period - Wrist shot by Milan Lucic.
0:37 of 2nd period - Shot Blocked by Martin Straka.
1:11 of 2nd period - Wrist shot by Brad Richards.
1:11 of 2nd period - Stopped by Chris Mason with a rebound.
1:13 of 2nd period - Snap shot by Patrick Sharp.
1:13 of 2nd period - Shot Blocked by Brooks Orpik.
1:35 of 2nd period - Snap shot by Marc Savard.
1:35 of 2nd period - Shot Misses the Net.
1:49 of 2nd period - Wrist shot by Milan Lucic.
1:49 of 2nd period - Stopped by Chris Mason without a rebound.
1:50 of 2nd period - Martin Straka wins face-off versus Jeremy Roenick in Flyers zone.
2:17 of 2nd period - Patrick Sharp is hit by Erik Cole and loses puck.
2:53 of 2nd period - Icing by Jeff O'Neill.
2:54 of 2nd period - Blair Betts wins face-off versus Bobby Holik in Flyers zone.
3:11 of 2nd period - Cam Barker is hit by Blair Betts and loses puck.
3:23 of 2nd period - Off-side.
3:24 of 2nd period - Jeremy Roenick wins face-off versus Marc Savard in neutral zone.
3:33 of 2nd period - Snap shot by Milan Lucic.
3:33 of 2nd period - Stopped by Chris Mason without a rebound.
3:34 of 2nd period - Marc Savard wins face-off versus Jeremy Roenick in Flyers zone.
4:23 of 2nd period - Wrist shot by Zigmund Palffy.
4:23 of 2nd period - Goal by Zigmund Palffy - Flyers : 1 - Rangers : 2.
4:24 of 2nd period - Marc Savard wins face-off versus Jeremy Roenick in neutral zone.
4:26 of 2nd period - Minor Penalty to Jeremy Roenick for Roughing.
4:27 of 2nd period - Brad Richards wins face-off versus Marc Savard in Rangers zone.
4:27 of 2nd period - Brad Richards is hit by Martin St. Louis.
4:41 of 2nd period - Brad Richards is hit by Marc Savard and loses puck.
6:26 of 2nd period - Penalty to Jeremy Roenick is over, Jeremy Roenick is back on ice.
8:40 of 2nd period - Blair Betts is hit by Ian Laperriere and loses puck.
8:51 of 2nd period - Blair Betts is hit by Brad Richards and loses puck.
9:08 of 2nd period - Wrist shot by Marcel Hossa.
9:08 of 2nd period - Deflect By Zigmund Palffy.
9:08 of 2nd period - Stopped by Hannu Toivonen without a rebound.
9:09 of 2nd period - Jeremy Roenick wins face-off versus Martin Straka in Rangers zone.
9:56 of 2nd period - Snap shot by Miroslav Satan.
9:56 of 2nd period - Shot Hit the Post.
10:20 of 2nd period - Slapshot by Brooks Orpik.
10:20 of 2nd period - Deflect By Blair Betts.
10:20 of 2nd period - Stopped by Hannu Toivonen without a rebound.
10:21 of 2nd period - Blair Betts wins face-off versus Jeremy Roenick in Rangers zone.
10:21 of 2nd period - Minor Penalty to Milan Lucic for Slashing.
10:22 of 2nd period - Marc Savard wins face-off versus Jeremy Roenick in Rangers zone.
10:29 of 2nd period - Wrist shot by Marc Savard.
10:29 of 2nd period - Shot Blocked by Kimmo Timonen.
10:31 of 2nd period - Wrist shot by Erik Cole.
10:31 of 2nd period - Shot Misses the Net.
10:33 of 2nd period - Snap shot by Marc Savard.
10:33 of 2nd period - Goal by Marc Savard - Flyers : 2 - Rangers : 2.
10:34 of 2nd period - Johan Franzen wins face-off versus Marc Savard in neutral zone.
11:28 of 2nd period - Slapshot by Jeff O'Neill.
11:28 of 2nd period - Stopped by Hannu Toivonen with a rebound.
11:42 of 2nd period - Alexandre Burrows is hit by Martin St. Louis and loses puck.
12:01 of 2nd period - Snap shot by Martin Sonnenberg.
12:01 of 2nd period - Stopped by Chris Mason with a rebound.
14:34 of 2nd period - Slapshot by Bobby Holik.
14:34 of 2nd period - Stopped by Chris Mason with a rebound.
15:05 of 2nd period - Off-side.
15:06 of 2nd period - Marc Savard wins face-off versus Brad Richards in neutral zone.
15:09 of 2nd period - Slapshot by Ed Jovanovski.
15:09 of 2nd period - Shot Misses the Net.
15:17 of 2nd period - Ed Jovanovski is hit by Kimmo Timonen and loses puck.
15:42 of 2nd period - Brad Richards is hit by David Moss and loses puck.
15:49 of 2nd period - Slapshot by Dustin Brown.
15:49 of 2nd period - Shot Misses the Net.
15:51 of 2nd period - Slapshot by Brad Richards.
15:51 of 2nd period - Deflect By Dustin Brown.
15:51 of 2nd period - Shot Blocked by Andrei Kostitsyn.
15:51 of 2nd period - Puck is out of play.
15:52 of 2nd period - Andrei Kostitsyn wins face-off versus Jeremy Roenick in Flyers zone.
16:42 of 2nd period - Mike Lundin is hit by Martin Sonnenberg and loses puck.
17:15 of 2nd period - Wrist shot by Dustin Brown.
17:15 of 2nd period - Shot Blocked by Mike Lundin.
17:17 of 2nd period - Slapshot by Dustin Brown.
17:17 of 2nd period - Stopped by Chris Mason without a rebound.
17:18 of 2nd period - Miroslav Satan wins face-off versus Brad Richards in Flyers zone.
17:25 of 2nd period - Slapshot by Andrei Kostitsyn.
17:25 of 2nd period - Stopped by Hannu Toivonen with a rebound.
17:49 of 2nd period - Minor Penalty to Milan Lucic for Interference.
17:50 of 2nd period - Jeremy Roenick wins face-off versus Marc Savard in Rangers zone.
19:49 of 2nd period - Penalty to Milan Lucic is over, Milan Lucic is back on ice.

3rd period


0:01 of 3rd period - Jeremy Roenick wins face-off versus Marc Savard in neutral zone.
0:07 of 3rd period - Off-side.
0:08 of 3rd period - Marc Savard wins face-off versus Jeremy Roenick in neutral zone.
0:11 of 3rd period - Slapshot by Ed Jovanovski.
0:11 of 3rd period - Deflect By Marc Savard.
0:11 of 3rd period - Stopped by Hannu Toivonen with a rebound.
0:17 of 3rd period - Ed Jovanovski is hit by Milan Lucic and loses puck.
0:22 of 3rd period - Snap shot by Jeremy Roenick.
0:22 of 3rd period - Goal by Jeremy Roenick - Flyers : 2 - Rangers : 3.
0:23 of 3rd period - Jeremy Roenick wins face-off versus Marc Savard in neutral zone.
0:28 of 3rd period - Snap shot by Johan Franzen.
0:28 of 3rd period - Shot Blocked by Erik Cole.
0:30 of 3rd period - Slapshot by Johan Franzen.
0:30 of 3rd period - Stopped by Chris Mason with a rebound.
0:32 of 3rd period - Slapshot by Kimmo Timonen.
0:32 of 3rd period - Deflect By Ed Jovanovski.
0:32 of 3rd period - Stopped by Chris Mason with a rebound.
0:34 of 3rd period - Wrist shot by Jeremy Roenick.
0:34 of 3rd period - Shot Blocked by Ed Jovanovski.
0:36 of 3rd period - Wrist shot by Kimmo Timonen.
0:36 of 3rd period - Stopped by Chris Mason with a rebound.
0:38 of 3rd period - Slapshot by Milan Lucic.
0:38 of 3rd period - Shot Misses the Net.
0:48 of 3rd period - Brad Richards is hit by Andrei Kostitsyn and loses puck.
0:59 of 3rd period - Wrist shot by Andrei Kostitsyn.
0:59 of 3rd period - Shot Misses the Net.
1:11 of 3rd period - Alexandre Burrows is hit by David Moss and loses puck.
1:18 of 3rd period - Wrist shot by Alexandre Burrows.
1:18 of 3rd period - Shot Misses the Net.
1:20 of 3rd period - Snap shot by Alexandre Burrows.
1:20 of 3rd period - Goal by Alexandre Burrows - Flyers : 2 - Rangers : 4.
1:21 of 3rd period - Jeremy Roenick wins face-off versus Marc Savard in neutral zone.
1:45 of 3rd period - Minor Penalty to Jeff O'Neill for Interference.
1:46 of 3rd period - Marc Savard wins face-off versus Jeremy Roenick in Flyers zone.
2:17 of 3rd period - Snap shot by Patrick Sharp.
2:17 of 3rd period - Shot Blocked by Ed Jovanovski.
2:19 of 3rd period - Snap shot by Kimmo Timonen.
2:19 of 3rd period - Shot Blocked by Brooks Orpik.
2:21 of 3rd period - Snap shot by Brad Richards.
2:21 of 3rd period - Shot Blocked by Marc Savard.
2:31 of 3rd period - Cam Barker is hit by Martin Straka and loses puck.
3:45 of 3rd period - Penalty to Jeff O'Neill is over, Jeff O'Neill is back on ice.
4:18 of 3rd period - Snap shot by David Moss.
4:18 of 3rd period - Deflect By Matt Greene.
4:18 of 3rd period - Stopped by Hannu Toivonen with a rebound.
4:20 of 3rd period - Wrist shot by Martin Straka.
4:20 of 3rd period - Shot Misses the Net.
5:05 of 3rd period - Wrist shot by David Moss.
5:05 of 3rd period - Shot Blocked by Matt Greene.
5:07 of 3rd period - Wrist shot by David Moss.
5:07 of 3rd period - Goal by David Moss - Flyers : 3 - Rangers : 4.
5:08 of 3rd period - Jeremy Roenick wins face-off versus Marc Savard in neutral zone.
5:42 of 3rd period - Snap shot by Ian Laperriere.
5:42 of 3rd period - Shot Misses the Net.
5:44 of 3rd period - Slapshot by Bobby Holik.
5:44 of 3rd period - Stopped by Chris Mason with a rebound.
5:46 of 3rd period - Snap shot by Kimmo Timonen.
5:46 of 3rd period - Shot Misses the Net.
7:03 of 3rd period - Jeff O'Neill is hit by Kimmo Timonen.
7:13 of 3rd period - Backhand shot by Alexandre Burrows.
7:13 of 3rd period - Stopped by Chris Mason with a rebound.
7:15 of 3rd period - Slapshot by Matt Greene.
7:15 of 3rd period - Shot Misses the Net.
7:54 of 3rd period - Snap shot by Drew Stafford.
7:54 of 3rd period - Shot Blocked by Ossi Vaananen.
7:56 of 3rd period - Snap shot by Drew Stafford.
7:56 of 3rd period - Deflect By Patrice Bergeron.
7:56 of 3rd period - Stopped by Chris Mason without a rebound.
7:57 of 3rd period - Patrice Bergeron wins face-off versus Jeff O'Neill in Flyers zone.
7:58 of 3rd period - Wrist shot by Alexandre Burrows.
7:58 of 3rd period - Stopped by Chris Mason without a rebound.
7:59 of 3rd period - Jeremy Roenick wins face-off versus Jeff O'Neill in Flyers zone.
8:37 of 3rd period - Snap shot by Erik Cole.
8:37 of 3rd period - Stopped by Hannu Toivonen with a rebound.
8:57 of 3rd period - Snap shot by Justin Williams.
8:57 of 3rd period - Shot Misses the Net.
8:59 of 3rd period - Slapshot by Blair Betts.
8:59 of 3rd period - Shot Misses the Net.
10:19 of 3rd period - Snap shot by Blair Betts.
10:19 of 3rd period - Stopped by Hannu Toivonen with a rebound.
10:29 of 3rd period - Drew Stafford is hit by David Moss and loses puck.
10:38 of 3rd period - Wrist shot by Drew Stafford.
10:38 of 3rd period - Stopped by Chris Mason with a rebound.
10:40 of 3rd period - Wrist shot by Matt Greene.
10:40 of 3rd period - Stopped by Chris Mason with a rebound.
10:42 of 3rd period - Slapshot by Drew Stafford.
10:42 of 3rd period - Shot Misses the Net.
10:44 of 3rd period - Wrist shot by Drew Stafford.
10:44 of 3rd period - Shot Blocked by Ed Jovanovski.
10:46 of 3rd period - Slapshot by Patrice Bergeron.
10:46 of 3rd period - Shot Blocked by Martin Straka.
10:58 of 3rd period - Snap shot by Patrice Bergeron.
10:58 of 3rd period - Stopped by Chris Mason with a rebound.
11:00 of 3rd period - Wrist shot by Alexandre Burrows.
11:00 of 3rd period - Shot Blocked by Ed Jovanovski.
11:02 of 3rd period - Wrist shot by Drew Stafford.
11:02 of 3rd period - Shot Misses the Net.
11:04 of 3rd period - Snap shot by Patrice Bergeron.
11:04 of 3rd period - Deflect By Alexandre Burrows.
11:04 of 3rd period - Stopped by Chris Mason with a rebound.
11:12 of 3rd period - Wrist shot by Patrice Bergeron.
11:12 of 3rd period - Shot Blocked by Martin Straka.
11:14 of 3rd period - Wrist shot by Drew Stafford.
11:14 of 3rd period - Shot Misses the Net.
11:16 of 3rd period - Slapshot by Alexandre Burrows.
11:16 of 3rd period - Stopped by Chris Mason without a rebound.
11:17 of 3rd period - Jeremy Roenick wins face-off versus Marc Savard in Flyers zone.
11:24 of 3rd period - Snap shot by Johan Franzen.
11:24 of 3rd period - Stopped by Chris Mason without a rebound.
11:25 of 3rd period - Jeremy Roenick wins face-off versus Marc Savard in Flyers zone.
11:30 of 3rd period - Slapshot by Johan Franzen.
11:30 of 3rd period - Stopped by Chris Mason with a rebound.
11:32 of 3rd period - Slapshot by Bryan Berard.
11:32 of 3rd period - Shot Misses the Net.
11:34 of 3rd period - Slapshot by Bryan Berard.
11:34 of 3rd period - Stopped by Chris Mason without a rebound.
11:35 of 3rd period - Marc Savard wins face-off versus Johan Franzen in Flyers zone.
11:35 of 3rd period - Marc Savard is hit by Jeremy Roenick.
11:40 of 3rd period - Minor Penalty to Erik Cole for Hooking.
11:41 of 3rd period - Jeremy Roenick wins face-off versus Marc Savard in Flyers zone.
12:06 of 3rd period - Martin St. Louis is hit by Dustin Brown and loses puck.
12:27 of 3rd period - Jeff O'Neill is hit by Milan Lucic.
13:40 of 3rd period - Penalty to Erik Cole is over, Erik Cole is back on ice.
13:52 of 3rd period - Snap shot by Martin Straka.
13:52 of 3rd period - Stopped by Hannu Toivonen with a rebound.
13:58 of 3rd period - Jeff O'Neill is hit by Bobby Holik.
14:22 of 3rd period - Snap shot by Martin Straka.
14:22 of 3rd period - Deflect By Jeff O'Neill.
14:22 of 3rd period - Stopped by Hannu Toivonen without a rebound.
14:23 of 3rd period - Patrice Bergeron wins face-off versus Blair Betts in Rangers zone.
14:25 of 3rd period - Minor Penalty to Brooks Orpik for Holding.
14:26 of 3rd period - Jeremy Roenick wins face-off versus Marc Savard in Flyers zone.
16:25 of 3rd period - Penalty to Brooks Orpik is over, Brooks Orpik is back on ice.
16:58 of 3rd period - Slapshot by Justin Williams.
16:58 of 3rd period - Shot Misses the Net.
17:00 of 3rd period - Snap shot by Marcel Hossa.
17:00 of 3rd period - Stopped by Hannu Toivonen with a rebound.
17:02 of 3rd period - Backhand shot by Blair Betts.
17:02 of 3rd period - Deflect By Marcel Hossa.
17:02 of 3rd period - Stopped by Hannu Toivonen with a rebound.
17:08 of 3rd period - Snap shot by Justin Williams.
17:08 of 3rd period - Stopped by Hannu Toivonen with a rebound.
17:22 of 3rd period - Icing by Miroslav Satan.
17:23 of 3rd period - Brad Richards wins face-off versus Jeff O'Neill in Flyers zone.
17:58 of 3rd period - Snap shot by Alexandre Burrows.
17:58 of 3rd period - Goal by Alexandre Burrows - Flyers : 3 - Rangers : 5.
17:59 of 3rd period - Martin Straka wins face-off versus Patrice Bergeron in neutral zone.
19:34 of 3rd period - Wrist shot by Patrice Bergeron.
19:34 of 3rd period - Stopped by Chris Mason without a rebound.
19:35 of 3rd period - Jeremy Roenick wins face-off versus Martin St. Louis in Flyers zone.
19:56 of 3rd period - Marc Savard is hit by Cam Barker and loses puck.


Output by the SimonT Hockey Simulator (STHS) for François Prévost -- Original Page W3C XHTML 1.0 Valid
Hockey Simulator - Hockey Simulation - Hockey Manager